General information
- name: noob stomp
- type: Custom game
- host: MrFrosty
- saver: MrFrosty
map: TerenasStand
- players: 6
- length: 07:07
- speed: Fast
- version: 1.23 W3XP
- replay type: Public
» download(29 KB)
Players
team 1 (winner)
MrFrosty (
red | 134 APM | 951 actions | 07:07)
3 Mountain King
2 Storm Bolt
1 Bash
» actions
| Assign group hotkey | 14 | |
| Basic commands | 11 | |
| Build / train | 35 | |
| ESC pressed | 1 | |
| Enter build submenu | 19 | |
| Enter hero's abilities submenu | 3 | |
| Give item / drop item | 1 | |
| Right click | 464 | |
| Select / deselect | 176 | |
| Select group hotkey | 191 | |
| Use ability | 36 | |
951 total
» units
» upgrades
» buildings
| Altar of Kings | 1 | |
| Farm | 4 | |
| Barracks | 1 | |
| Scout Tower | 8 | |
| Arcane Tower | 2 | |
| Lumber Mill | 1 | |
| Keep | 1 | |
| Arcane Vault | 2 | |
| Guard Tower | 3 | |
23 total
» build order
00:04 Altar of Kings
00:07 Farm
00:15 Barracks
01:04 Farm
01:53 Farm
01:57 Scout Tower
02:12 Scout Tower
02:52 Arcane Tower
02:54 Farm
03:35 Lumber Mill
04:06 Keep
04:26 Arcane Vault
04:29 Arcane Vault
05:53 Scout Tower
05:55 Scout Tower
05:57 Scout Tower
06:07 Guard Tower
06:23 Arcane Tower
06:28 Scout Tower
06:47 Guard Tower
06:49 Scout Tower
06:55 Guard Tower
06:56 Scout Tower
» items
| Boots of Speed | 1 | |
| Scroll of Regeneration | 2 | |
| Lesser Clarity Potion | 1 | |
| Dust of Appearance | 1 | |
5 total
team 2 (loser)

»
DruNkeN_LeMuR (
blue | 119 APM | 843 actions | 07:06)
3 Blademaster
2 Wind Walk
1 Critical Strike
1 Shadow Hunter
1 Hex
» actions
| Assign group hotkey | 18 | |
| Basic commands | 51 | |
| Build / train | 35 | |
| Enter build submenu | 10 | |
| Enter hero's abilities submenu | 4 | |
| Right click | 359 | |
| Select / deselect | 153 | |
| Select group hotkey | 170 | |
| Use ability | 43 | |
843 total
» units
» upgrades
| Berserker Strength | 1 | |
| Ensnare | 1 | |
2 total
» buildings
| Altar of Storms | 1 | |
| Orc Burrow | 3 | |
| Barracks | 1 | |
| Voodoo Lounge | 1 | |
| Stronghold | 2 | |
| War Mill | 1 | |
| Beastiary | 1 | |
10 total
» build order
00:04 Altar of Storms
00:12 Orc Burrow
00:42 Barracks
01:26 Orc Burrow
01:52 Voodoo Lounge
02:52 Stronghold
03:54 Orc Burrow
04:54 War Mill
05:29 Beastiary
» items
| Healing Salve | 2 | |
| Staff of Teleportation | 1 | |
3 total
observersBadaBing1987,
Breeze.Mai.Jp,
cum.2ez,
Hackage Chat log
(00:50 / All) MrFrosty: gl + hf
(00:58 / All) DruNkeN_LeMuR: ur a huge fag
(01:02 / All) MrFrosty: oh dear.
(02:49 / All) DruNkeN_LeMuR: bad
(06:40 / All) DruNkeN_LeMuR: |lol
(06:42 / All) MrFrosty: bad
(07:03 / All) MrFrosty: 2 e z
(07:05 / All) DruNkeN_LeMuR: aight g